[Event "Swedish Championship 2022"]
[Site "Uppsala"]
[Date "2022.07.04"]
[Round "3.1"]
[White "Hillarp Persson, Tiger"]
[Black "Cramling, Pia"]
[Result "1-0"]
[ECO "E32"]
[WhiteElo "2516"]
[BlackElo "2459"]
[Annotator "TA"]
[PlyCount "81"]
[EventDate "2022.07.01"]
[EventType "tourn"]
[EventCountry "SWE"]
[SourceTitle "playchess.com"]
[Source "ChessBase"]
[SourceQuality "1"]
[TimeControl "40/5400+30:1800+30"]

1. d4 Nf6 2. c4 e6 3. Nc3 Bb4 4. Qc2 O-O 5. a3 Bxc3+ 6. Qxc3 b6 {[%emt 0:00:45] 6...d5 injects fresh life into this line.} 7. Bg5 Bb7 8. e3 d6 {[%emt 0:02:46] E32: Nimzo-Indian: Classical (4 Qc2): 4...0-0.} 9. Ne2 Nbd7 10. Rd1 h6 {[%emt 0:05:48] The position is equal.} 11. Bh4 Ne4 12. Bxd8 Nxc3 13. Nxc3 Rfxd8 14. f3 c5 15. Kf2 Nf6 16. d5 exd5 17. cxd5 {[%emt 0:02:05] [#]} a6 $146 ({Predecessor:} 17... Rab8 18. e4 a6 19. a4 Ne8 20. Rb1 a5 21. g4 h5 22. g5 Nc7 23. b3 Na6 {1-0 (35) Ristea,T (2408)-Garcia,H (2102) ICCF email 2020}) 18. a4 Bc8 19. e4 Bd7 20. Rb1 Rdb8 21. b4 b5 22. bxc5 {[%emt 0:09:44] [#] And now c6 would win.} b4 {[%emt 0:00:17] White leaves nothing to chance now.} 23. Nd1 {[%emt 0:00:09] Strongly threatening c6.} Bxa4 24. cxd6 Bc2 {[%emt 0:01:29] [#]} 25. Ra1 a5 (25... Bxd1 $142 26. Rxd1 Nd7) 26. Ne3 $16 Bxe4 27. fxe4 Nxe4+ 28. Kf3 Nxd6 29. Nc4 Nxc4 30. Bxc4 Rc8 (30... a4 $16 {was worth a try.}) 31. Bb5 $18 {[%emt 0:01:59] d6 is the strong threat.} Rc3+ $2 (31... Rc5) 32. Ke4 b3 33. Rhb1 Kf8 34. Kd4 {[%emt 0:01:18] White is clearly winning.} Rc2 35. Rxb3 Rxg2 36. Bc6 Rd8 37. h3 g5 38. Rxa5 h5 39. Raa3 h4 40. Kc5 Kg7 41. Kb6 {[%emt 0:31:59] Weighted Error Value: White=0.05 (flawless) /Black=0.29 (precise)} 1-0

[Event "Swedish Championship 2022"]
[Site "Uppsala"]
[Date "2022.07.04"]
[Round "3.2"]
[White "Jogstad, Martin"]
[Black "Hector, Jonny"]
[Result "0-1"]
[ECO "D14"]
[WhiteElo "2384"]
[BlackElo "2441"]
[Annotator "TA"]
[PlyCount "84"]
[EventDate "2022.07.01"]
[EventType "tourn"]
[EventCountry "SWE"]
[SourceTitle "playchess.com"]
[Source "ChessBase"]
[SourceQuality "1"]
[TimeControl "40/5400+30:1800+30"]

1. d4 d5 2. Nf3 Nf6 3. c4 c6 4. cxd5 cxd5 5. Nc3 Nc6 6. Bf4 Bf5 7. e3 e6 8. Qb3 Bb4 9. Ne5 {[%emt 0:00:20] [#] Strongly threatening Nxc6. is recently more successful than 9.Bb5. D14: Slav Defence: Exchange variation with ...Bf5.} Bxc3+ 10. bxc3 Nxe5 11. Bxe5 {[%emt 0:00:05] The position is equal.} O-O 12. f3 {[%emt 0:06:52] [#]} Qa5 $146 ({Predecessor:} 12... Rc8 13. Be2 Nd7 14. Bd6 Re8 15. O-O Nb6 16. Bc5 Nd7 17. Ba3 Qc7 18. Rac1 Nb6 {1-0 (59) Mastrovasilis,A (2488)-Svane,R (2595) Heraklion 2017}) 13. Be2 Rfc8 14. Rc1 Nd7 15. Bd6 Nb6 16. Bb4 {[%emt 0:05:56] A strong pair of Bishops.} Qa4 17. Bc5 Qc6 18. Bb5 {[%emt 0:04:40] Against Nc4} Qc7 19. O-O Nc4 20. Bxc4 dxc4 21. Qa3 ({Don't go for} 21. Qxc4 $2 b6 22. e4 Bg6 $19) 21... Bd3 22. Rf2 Rd8 23. e4 f6 24. Qb2 b6 25. Ba3 Rab8 26. Re1 e5 27. d5 b5 28. Qc1 a5 29. Bb2 b4 {[%emt 0:04:33] Black is more active.} 30. Qe3 f5 31. exf5 (31. cxb4 $11 {keeps the balance.} fxe4 32. fxe4) 31... Rxd5 $17 32. cxb4 {[%emt 0:01:19] Loses the game.} (32. g4 $17) 32... c3 $19 33. Bc1 axb4 34. Qg5 Qd8 {[%emt 0:05:11] Inhibits f6. And now ...Qxg5 would win.} 35. Qh5 Bc4 {[%emt 0:01:24] Threatens to win with ...Rd1.} 36. Bg5 $2 (36. Qg4 Rd4 37. f4) 36... Rd1 37. Rfe2 Qd3 38. Kf2 {[%emt 0:00:41] [#]} Rd2 $1 39. Rxd2 (39. Bxd2 cxd2) 39... cxd2 40. Rd1 Qe2+ 41. Kg3 Qxd1 42. Bd8 Rxd8 {[%emt 0:01:51] Weighted Error Value: White=0.79/Black=0.08 (flawless)} 0-1

[Event "Swedish Championship 2022"]
[Site "Uppsala"]
[Date "2022.07.04"]
[Round "3.3"]
[White "Smith, Axel"]
[Black "Seo, Jung Min"]
[Result "0-1"]
[ECO "A13"]
[WhiteElo "2417"]
[BlackElo "2492"]
[Annotator "TA"]
[PlyCount "70"]
[EventDate "2022.07.01"]
[EventType "tourn"]
[EventCountry "SWE"]
[SourceTitle "playchess.com"]
[Source "ChessBase"]
[SourceQuality "1"]
[TimeControl "40/5400+30:1800+30"]

1. c4 e6 2. Nc3 Bb4 3. e4 Ne7 4. Nf3 O-O 5. d4 d6 {[%emt 0:01:25] [#]} 6. Be2 $146 {[%emt 0:00:47] A13: English Opening: 1...e6.} ({Predecessor:} 6. Bd2 c5 7. a3 Ba5 8. Bd3 e5 9. d5 Ng6 10. g3 Nd7 11. h4 Nf6 12. h5 {½-½ (71) Mareco,S (2653)-Diaz Camallonga,C (2444) Barcelona 2018}) 6... Nbc6 7. O-O {[%emt 0:08:04] Black must now prevent Na4.} e5 8. dxe5 {[%emt 0:11:35] The position is equal.} Nxe5 9. Qc2 N7c6 10. Rd1 Nxf3+ 11. Bxf3 Bc5 12. Na4 Nd4 13. Qc3 (13. Qd3 {looks sharper.} Qf6 14. Bh5 Qh4 15. Be3) 13... Qf6 (13... Nxf3+ 14. Qxf3 Bb4 15. a3 $14) 14. Nxc5 dxc5 15. Kh1 Qe5 16. Rg1 Be6 17. Be3 Rfd8 18. Bxd4 Rxd4 19. b3 b6 20. Rad1 Rad8 21. Qc2 a5 {[%emt 0:11:49][%cal Ba7a5,Ba5a4,Ba4a3,Ba3b2][%mdl 32] Black is more active.} 22. Rge1 g6 23. Kg1 a4 24. g3 R8d6 (24... Rxd1 $17 25. Rxd1 Rxd1+ 26. Bxd1 Bh3) 25. Kg2 h5 26. h4 a3 {[%emt 0:03:10] [#] aiming for ...Rxd1.} 27. Rxd4 Qxd4 ({But not} 27... cxd4 28. Be2 $11) (27... Rxd4 {seems wilder.} 28. Qc1 Rd3 29. Be2 Rc3) 28. Rc1 $2 {[%emt 0:00:55][%mdl 8192] Loses the game.} (28. e5 $11 Qd2 29. exd6 Qxc2 30. dxc7) 28... Qb2 $19 {[%emt 0:00:20] Black is clearly winning.} 29. Qxb2 axb2 {[%emt 0:00:04][%mdl 4096] Endgame KRB-KRB} 30. Rb1 Rd2 31. Bd1 Bg4 32. Bxg4 hxg4 33. a3 Kf8 34. b4 cxb4 35. axb4 Ke7 {[%emt 0:00:03] Weighted Error Value: White=1.01/Black=0.05 (flawless)} 0-1

[Event "Swedish Championship 2022"]
[Site "Uppsala"]
[Date "2022.07.04"]
[Round "3.4"]
[White "Blomqvist, Erik"]
[Black "Westerberg, Jonathan"]
[Result "1/2-1/2"]
[ECO "B04"]
[WhiteElo "2521"]
[BlackElo "2476"]
[Annotator "TA"]
[PlyCount "108"]
[EventDate "2022.07.01"]
[EventType "tourn"]
[EventCountry "SWE"]
[SourceTitle "playchess.com"]
[Source "ChessBase"]
[SourceQuality "1"]
[TimeControl "40/5400+30:1800+30"]

1. e4 Nf6 2. e5 Nd5 3. d4 d6 4. Nf3 dxe5 5. Nxe5 c6 6. Bc4 g6 7. Nc3 Be6 {[%emt 0:04:17][%cal Bc8e6,Be6g8,Bg8c4,Bc4d5][%mdl 32] B04: Alekhine's Defence: 4 Nf3.} 8. Ne4 f6 {[%emt 0:03:06] Against Ng5} 9. Nc5 {[%emt 0:00:39] Threatens to win with Nxc6.} Bg8 {[%emt 0:01:00] [#] White is slightly better.} 10. Nf3 $146 ({Don't go for} 10. Nxb7 $2 Qc7 11. Nd3 (11. Bxd5 $2 cxd5 12. Nd3 Qxb7 $19) 11... Qxb7 $19) ({Predecessor:} 10. Ned3 b6 11. Ne4 Ne3 12. Bxe3 Bxc4 13. O-O Bg7 14. Re1 O-O 15. Ng3 e5 16. dxe5 fxe5 {0-1 (61) Horvath,V (2002)-Matrahalmi,T (2299) Hungary 2010}) 10... b6 (10... Nd7 $1 $11) 11. Nd3 Nc3 12. Qd2 Bxc4 13. Qxc3 Bd5 14. Nf4 Qd7 15. O-O Bg7 16. Re1 O-O 17. Bd2 Re8 18. Re2 (18. Re3 $11) 18... Na6 ({Black should play} 18... Bf7 $1 $15) 19. Rae1 Nc7 20. Nxd5 cxd5 21. Bf4 $36 {[%emt 0:00:57][%mdl 2048] White fights for an advantage.} Nb5 22. Qd3 e6 23. h4 Nd6 24. Bxd6 Qxd6 {[%emt 0:00:04] [#]} 25. h5 $1 g5 26. Nh2 Qd7 27. Ng4 Qf7 28. h6 {[%emt 0:01:06] White is more active.} Bf8 29. c4 {[%emt 0:13:01] [#] aiming for cxd5.} Rad8 30. cxd5 Rxd5 31. Qc4 ({Only move:} 31. Qf3 $16 f5 32. Ne5) 31... f5 32. Ne5 Qf6 (32... Qh5 $2 33. Nf3 b5 34. Qb3 $18) 33. Nf3 {[%emt 0:01:35][%cal Oe2e6] Rxe6! is the strong threat.} (33. Qa4 {looks sharper.} b5 34. Qxa7 g4 35. Rc2) 33... Rd6 34. d5 (34. Qa4 $11 {keeps the balance.} Re7 35. Qa3) 34... exd5 $17 35. Qd4 Rxe2 36. Rxe2 Qxd4 (36... Qxh6 {keeps more tension.} 37. Qc3 Qh5 38. Re5 g4) 37. Nxd4 {[%emt 0:00:01][%mdl 4096] Endgame KRB-KRN} f4 38. Re5 $1 Kf7 (38... Rg6 $15) 39. Rf5+ Ke8 40. Rxg5 Bxh6 41. Rh5 {[%emt 0:02:09] Hoping for Nf5.} Bg7 42. Nf5 Rd7 43. Nxg7+ Rxg7 44. Rxd5 $11 {[%emt 0:00:26] KR-KR} Rc7 45. Rd2 Rc1+ 46. Kh2 h5 47. f3 Ra1 48. a3 Rb1 49. b4 Ra1 50. b5 Rxa3 51. Kh3 Ra5 52. Rb2 Kf7 53. Kh4 Kg6 {[%emt 0:00:13] ( -> ...Ra1)} 54. Rb4 Kh6 {[%emt 0:00:45] Weighted Error Value: White=0.16 (very precise) /Black=0.11 (very precise)} 1/2-1/2

[Event "Swedish Championship 2022"]
[Site "Uppsala"]
[Date "2022.07.05"]
[Round "4.1"]
[White "Cramling, Pia"]
[Black "Carlsson, Ludvig"]
[Result "1-0"]
[ECO "D30"]
[WhiteElo "2459"]
[BlackElo "2399"]
[Annotator "TA"]
[PlyCount "35"]
[EventDate "2022.07.01"]
[EventType "tourn"]
[EventCountry "SWE"]
[SourceTitle "playchess.com"]
[Source "ChessBase"]
[SourceQuality "1"]
[TimeControl "40/5400+30:1800+30"]

1. d4 d5 2. c4 e6 3. Nf3 c6 4. Qc2 dxc4 5. Qxc4 Nf6 6. g3 b5 7. Qc2 Bb7 8. Bg2 Nbd7 9. Ne5 $1 {[%emt 0:04:29][%mdl 4] now scores much better than the old 9.0-0.} Nxe5 {[%emt 0:01:58] D30: Queen's Gambit Declined: Systems without Nc3.} 10. dxe5 Nd7 11. O-O ({But not} 11. Bxc6 $2 Bxc6 12. O-O (12. Qxc6 $2 Rc8 $19) 12... Rc8 $19) 11... Be7 {[%emt 0:14:18] White is slightly better.} 12. Nc3 {[%emt 0:10:03][%cal Bb1c3,Bc3e4,Be4c5,Bc5e6][%mdl 32] [#]} ({Much worse is} 12. Bxc6 Rc8 13. Bxd7+ Qxd7 $17) 12... Qb8 $146 (12... Rb8 $14) ({Predecessor:} 12... a6 13. Rd1 Qc7 14. Ne4 Nxe5 15. Bf4 f6 16. Bh3 Kf7 17. Bxe5 fxe5 18. Nc5 Bxc5 19. Qxc5 {0-1 (29) Solovyov,V (2290)-Popov,V (2537) St Petersburg 2021}) 13. Rd1 (13. Ne4 $16) 13... Nxe5 $14 14. Ne4 Nd7 $2 (14... c5 $14) 15. Be3 Qc7 {[%emt 0:04:38] [#]} 16. Bc5 {[%emt 0:02:57] 0x0.00207d17af74dp-1022s more active pieces. The black rooks are badly placed.} (16. Bf4 $1 $16 e5 17. Bg5) 16... Nxc5 17. Nxc5 Bc8 {[%emt 0:00:08][%mdl 8192] [#] Against Rd7} (17... Bxc5 $11 18. Qxc5 Qb6) 18. Nxe6 $1 {[%emt 0:06:54][%mdl 576] Decoy.  Weighted Error Value: White=0.37/Black=1.08} 1-0

[Event "Swedish Championship 2022"]
[Site "Uppsala"]
[Date "2022.07.05"]
[Round "4.2"]
[White "Hector, Jonny"]
[Black "Smith, Axel"]
[Result "1-0"]
[ECO "C42"]
[WhiteElo "2441"]
[BlackElo "2417"]
[Annotator "TA"]
[PlyCount "109"]
[EventDate "2022.07.01"]
[EventType "tourn"]
[EventCountry "SWE"]
[SourceTitle "playchess.com"]
[Source "ChessBase"]
[SourceQuality "1"]
[TimeControl "40/5400+30:1800+30"]

1. e4 e5 2. Nf3 Nf6 3. Nxe5 d6 4. Nf3 Nxe4 5. d4 d5 6. Bd3 Bd6 7. O-O O-O 8. c4 c6 9. Nc3 Nxc3 10. bxc3 dxc4 11. Bxc4 Bf5 12. Ne5 {[%emt 0:06:45] C42: Petroff Defence: 3 Nxe5 and unusual White 3rd moves.} Nd7 {[%emt 0:03:00] [#]} 13. Qf3 $146 ({Predecessor:} 13. f4 Qa5 14. Qb3 Bxe5 15. fxe5 Bg6 16. Ba3 b5 17. Bxf7+ Rxf7 18. Rxf7 Bxf7 19. e6 Bg6 20. exd7+ {0-1 (67) Esenov,A (2319)-Gunbayar,M (2283) Beijing 2008}) 13... Qf6 14. Nxd7 {[%emt 0:00:33] White has an edge.} Bxd7 15. Qxf6 gxf6 16. Bh6 Rfe8 17. Rfd1 Re4 18. Bd2 b5 19. Bd3 Ree8 20. a4 a5 21. c4 (21. Bc2 $11) 21... bxc4 (21... b4 $15) 22. Bxc4 $11 Bb4 23. Be3 Rac8 24. Kf1 Bf5 25. Ke2 Re7 26. Rdc1 Be4 27. Bd3 Bd5 (27... Bxg2 $2 28. Rg1 $18) 28. Bf5 Rb8 29. Rc2 Bd6 30. h4 Rb3 31. Kf1 Reb7 32. Bd2 Bb4 33. Be3 Bd6 (33... Bc3 $15 34. Rac1 Bb2) 34. h5 Rb1+ 35. Rxb1 Rxb1+ 36. Ke2 Ra1 ({Resist} 36... Bxg2 37. f3 Bf1+ 38. Kf2 $14) 37. Bd7 Rxa4 38. Bxc6 Ra2 39. Rxa2 Bxa2 $14 {[%emt 0:01:04][%mdl 4096] Endgame KBB-KBB} 40. Ba4 Bc4+ 41. Kd1 f5 42. h6 f4 43. Bd2 Bd5 ({Black should play} 43... Bc7 $11) 44. f3 (44. Bxa5 $14 Bxg2 45. Bd8) 44... Bc4 $2 {[%emt 0:00:38] Black cannot hold the game after this.} (44... Bc7 $11 {and Black stays safe.}) 45. Bxa5 $18 f5 46. Bd7 {[%emt 0:00:00] [#] Hoping for Bd8.} Bd3 $2 (46... Bf8 47. Bxf5 Kf7) 47. Kd2 Bf1 48. Be6+ Kf8 49. Bxf5 Kf7 50. Ke1 Kf6 (50... Bc4 $142 51. Bd8 Kg8) 51. Bxh7 Bxg2 52. Bd8+ {[%emt 0:00:10] White mates.} Kf7 53. Be4 Bf8 54. Bg5 Bh3 55. Bxf4 {[%emt 0:00:14] Weighted Error Value: White=0.14 (very precise) /Black=0.46} 1-0

[Event "Swedish Championship 2022"]
[Site "Uppsala"]
[Date "2022.07.05"]
[Round "4.3"]
[White "Westerberg, Jonathan"]
[Black "Jogstad, Martin"]
[Result "1/2-1/2"]
[ECO "A14"]
[WhiteElo "2476"]
[BlackElo "2384"]
[Annotator "TA"]
[PlyCount "92"]
[EventDate "2022.07.01"]
[EventType "tourn"]
[EventCountry "SWE"]
[SourceTitle "playchess.com"]
[Source "ChessBase"]
[SourceQuality "1"]
[TimeControl "40/5400+30:1800+30"]

1. Nf3 d5 2. g3 Nf6 3. Bg2 c5 4. O-O Nc6 5. c4 e6 6. b3 Be7 7. e3 O-O 8. Bb2 d4 9. exd4 cxd4 10. Re1 Re8 11. d3 a5 12. a3 Qb6 {[%emt 0:09:41] A14: English Opening: 1...e6 with b3 by White.} 13. Ne5 Nd7 14. Nxd7 (14. Nxf7 Kxf7 15. Qh5+ Kf8 16. Qxh7 (16. Rxe6 $2 Nf6 $19) 16... Nf6 $17) 14... Bxd7 15. Nd2 {[%emt 0:00:06] [#]} Bf8 $146 ({Predecessor:} 15... e5 16. Bxc6 bxc6 17. Rxe5 c5 18. Qf3 Bc6 19. Qg4 Bd6 20. Rg5 g6 21. h4 Be5 {0-1 (31) Ivanov,P (1592)-Dimitrov,D (2289) ICCF email 2020}) 16. Qh5 e5 17. Bd5 g6 (17... Be6 $1 $11) 18. Qf3 $14 Nd8 19. Ne4 Kg7 {[%emt 0:02:23] Prevents Nf6.} (19... Ra6 $14) 20. Rab1 {[%emt 0:04:05] White is more active.} ({Only move:} 20. g4 $16) 20... f5 $11 21. Nd2 Bc6 22. Qg2 (22. Rxe5 $5 Rxe5 23. Qf4 Rxd5 24. cxd5 $11) 22... Nf7 23. h4 Rad8 24. Bxc6 bxc6 25. h5 c5 ({Don't play} 25... gxh5 26. Qh3 $11) 26. hxg6 hxg6 27. Bc1 Qf6 28. g4 Qg5 {[%emt 0:03:47] [#]} (28... e4 $15 29. dxe4 fxg4 30. Qxg4 Ne5) 29. gxf5 (29. Ne4 $1 $11 {keeps the balance.} Qxg4 30. Qxg4 fxg4 31. Kg2 (31. Bd2 Ra8 $11)) 29... gxf5 30. Nf1 Qxg2+ 31. Kxg2 Bd6 32. Ng3 {[%emt 0:01:21] [#]} Kf6 33. Bd2 Rg8 {[%emt 0:00:47] Threatens to win with ...f4.} 34. Kf3 Rde8 35. Nh5+ Ke7 (35... Kg6 $15 36. Ng3 Rh8) 36. Rg1 $2 (36. Ke2 $11) 36... Rxg1 $19 37. Rxg1 {[%emt 0:00:01] [#]} Rh8 ({Better is} 37... Rb8 $1 $17 38. Ke2 Rxb3) 38. Ng3 $1 $15 Ke6 {[%emt 0:00:22] Strongly threatening ...Rb8.} 39. Bxa5 ({White should try} 39. Ke2 $15) 39... Ng5+ (39... e4+ $1 $17 40. dxe4 Ng5+ 41. Ke2 fxe4) 40. Ke2 $11 {[%emt 0:00:32] The position is equal.} e4 41. Nxe4 Nxe4 42. dxe4 fxe4 {[%emt 0:00:41] KRB-KRB} 43. Rg6+ Kd7 44. Rg7+ Ke6 {[%emt 0:01:55] White must now prevent ...Bf4.} 45. Rg6+ Kd7 46. Rg7+ Ke6 {[%emt 0:00:05] Weighted Error Value: White=0.23 (precise) /Black=0.22 (precise)} 1/2-1/2

[Event "Swedish Championship 2022"]
[Site "Uppsala"]
[Date "2022.07.05"]
[Round "4.4"]
[White "Seo, Jung Min"]
[Black "Johansson, Linus"]
[Result "1/2-1/2"]
[ECO "E01"]
[WhiteElo "2492"]
[BlackElo "2468"]
[Annotator "TA"]
[PlyCount "93"]
[EventDate "2022.07.01"]
[EventType "tourn"]
[EventCountry "SWE"]
[SourceTitle "playchess.com"]
[Source "ChessBase"]
[SourceQuality "1"]
[TimeControl "40/5400+30:1800+30"]

1. d4 Nf6 2. c4 e6 3. Nf3 d5 4. g3 Bb4+ 5. Bd2 Bd6 6. Bg2 {[%emt 0:00:36] E01: Catalan: Early deviations.} O-O 7. O-O Nbd7 8. Qc2 {[%emt 0:01:31] White has an edge.} c6 9. Rd1 Ne4 $1 {[%emt 0:04:11] The main line 9...Ne4 scores better than 9...Qe7.} 10. Nc3 f5 11. Rac1 {[%emt 0:01:41] [#]} Qe8 $146 ({Predecessor:} 11... Qe7 12. Bf4 Bxf4 13. gxf4 Kh8 {½-½ (13) Bryakin,M (2432)-Medvegy,Z (2544) Chess.com INT 2019}) 12. Ng5 Nxd2 13. Qxd2 h6 14. Nf3 Kh8 15. c5 Bc7 16. b4 a6 17. e3 g5 18. a4 Qe7 19. b5 axb5 20. axb5 e5 (20... Qg7 {is interesting.} 21. Ne2 e5 22. dxe5 Nxe5 23. Nfd4 Ba5) 21. bxc6 bxc6 22. Nxe5 Nxe5 23. dxe5 Bxe5 24. Ne2 {[%emt 0:01:56] Inhibits f4.} Qg7 25. Nd4 Bd7 26. Ra1 f4 27. Qb4 fxe3 (27... Rxa1 {looks sharper.} 28. Rxa1 fxe3 29. fxe3 Qg6) 28. fxe3 Rxa1 (28... Qe7 {is more complex.} 29. Rxa8 Rxa8 30. Qb7 Qe8) 29. Rxa1 Bxd4 ({Black should play} 29... Qe7 $15) 30. exd4 {[%emt 0:03:48] The position is equal.} Bf5 31. Rf1 Bg6 32. Rxf8+ Qxf8 $11 {[%emt 0:00:05][%mdl 4096] Endgame KQB-KQB} 33. Qe1 Qf6 34. Qe3 Kg7 35. h3 Kf7 36. Bf3 Qf5 37. Kg2 Qc2+ 38. Qf2 Ke7 39. Qxc2 Bxc2 {[%emt 0:00:04] KB-KB} 40. Kf2 Bf5 41. h4 Bd7 42. hxg5 hxg5 43. Ke3 Bf5 44. Bd1 Bd7 45. Bf3 Bf5 46. Bd1 Bd7 47. Bf3 {[%emt 0:00:03] Weighted Error Value: White=0.06 (flawless) /Black=0.05 (flawless)} 1/2-1/2

[Event "Swedish Championship 2022"]
[Site "Uppsala"]
[Date "2022.07.05"]
[Round "4.5"]
[White "Hillarp Persson, Tiger"]
[Black "Blomqvist, Erik"]
[Result "0-1"]
[ECO "D27"]
[WhiteElo "2516"]
[BlackElo "2521"]
[Annotator "TA"]
[PlyCount "68"]
[EventDate "2022.07.01"]
[EventType "tourn"]
[EventCountry "SWE"]
[SourceTitle "playchess.com"]
[Source "ChessBase"]
[SourceQuality "1"]
[TimeControl "40/5400+30:1800+30"]

1. d4 d5 2. c4 dxc4 3. Nf3 Nf6 4. e3 e6 5. Bxc4 c5 6. O-O a6 7. dxc5 Bxc5 8. Qxd8+ Kxd8 9. Nbd2 Ke7 10. Be2 {[%emt 0:00:19] 10.b3 is not played anymore.} Bd7 {[%emt 0:04:35] D27: Queen's Gambit Accepted: Classical main line: 7 e4!? and 7 a4.} 11. Rd1 Bb5 {[%emt 0:07:42] [#]} 12. Bxb5 $146 (12. Nc4 {seems wilder.} Nc6 13. b3 Rhd8 14. Bb2) ({Predecessor:} 12. Nc4 Nc6 13. Bd2 Rhd8 14. a3 Rac8 15. Be1 Rxd1 16. Rxd1 Ne4 17. Kf1 Nd6 18. Nce5 {½-½ (60) Kovalenko,I (2643)-Lintchevski,D (2555) Chess.com INT 2021}) 12... axb5 {[%emt 0:00:24] The position is equal.} 13. Nb3 Bd6 14. Nfd4 Rd8 15. Bd2 b4 16. Rdc1 Kf8 17. Rc4 Nd5 18. e4 Nb6 19. Rc2 Rc8 20. Rxc8+ Nxc8 21. Rc1 Nb6 22. Nb5 Be7 23. Rc7 Rxa2 24. Rxb7 N8d7 25. Bc1 Ke8 26. Kf1 Nc4 27. Ra7 (27. Rc7 $11 Nd6 28. Nxd6+ Bxd6 29. Rc6) 27... Rxa7 $17 {[%emt 0:00:23] Active counter play!} 28. Nxa7 Nc5 29. Nd4 (29. Nxc5 $17 {keeps fighting.} Bxc5 30. Nc6) 29... Nd3 $19 ({And not} 29... Nxe4 30. Nac6 $17) 30. Nb3 {[%emt 0:00:14] [#]} Kd7 $1 ({Weaker is} 30... Ncxb2 31. Bxb2 Nxb2 32. Nc6 $17) ({Inferior is} 30... Ndxb2 31. Nc6 $17) 31. Nb5 (31. Be3 $142) 31... e5 {[%emt 0:03:02] Black is clearly winning.} 32. Ke2 Nxc1+ 33. Nxc1 Kc6 34. Na7+ Kb7 {[%emt 0:00:04] Weighted Error Value: White=0.27 (precise) /Black=0.02 (flawless)} 0-1

[Event "Swedish Championship 2022"]
[Site "Uppsala"]
[Date "2022.07.06"]
[Round "5.1"]
[White "Smith, Axel"]
[Black "Westerberg, Jonathan"]
[Result "0-1"]
[ECO "B31"]
[WhiteElo "2417"]
[BlackElo "2476"]
[Annotator "TA"]
[PlyCount "130"]
[EventDate "2022.07.01"]
[EventType "tourn"]
[EventCountry "SWE"]
[SourceTitle "playchess.com"]
[Source "ChessBase"]
[SourceQuality "1"]
[TimeControl "40/5400+30:1800+30"]

1. e4 c5 2. Nf3 Nc6 3. Bb5 g6 4. O-O Bg7 5. c3 Nf6 6. d4 Nxe4 7. d5 Nb8 8. Re1 Nd6 {[%emt 0:04:00] B31: Sicilian: 2...Nc6 3 Bb5 g6.} 9. Bd3 O-O 10. h4 Ne8 {[%emt 0:03:19] [#] The position is equal.} 11. h5 $146 ({Predecessor:} 11. Bg5 Nf6 12. d6 exd6 13. Bc4 b5 14. Bd5 Nc6 15. h5 Rb8 16. Nbd2 Ne7 17. Bxf6 Bxf6 {½-½ (91) Georgescu,L (2276)-Heimisson,H (2352) Aarhus 2020}) 11... d6 12. hxg6 hxg6 13. Ng5 Nf6 14. c4 Nbd7 15. f4 (15. Nc3 $15) 15... Nh7 ({Better is} 15... b5 $1 $19 16. Nc3 bxc4 17. Bxc4 Nb6) 16. Nxh7 $15 Kxh7 (16... Bd4+ 17. Be3 Kxh7 18. Bxd4 cxd4 19. Nd2 $11) 17. Nd2 (17. f5 $1 $15) 17... Bd4+ 18. Kf1 f5 (18... Rh8 $1 $17 {aiming for ...Nf6.} 19. Nf3 Kg8 20. Nxd4 cxd4) 19. Nf3 $11 Bf6 20. Qc2 (20. Qe2 $11) 20... Kg7 (20... Rh8 $15) 21. a4 (21. Ng5 $11 Bxg5 22. fxg5) 21... Re8 $15 22. g4 (22. Qd2 $15) 22... fxg4 $19 23. Nh2 Rh8 24. Nxg4 Bh4 (24... Rh1+ $19 {is more deadly.} 25. Ke2 Qh8 26. Rxh1 (26. Bxg6 $2 Ne5 $19) 26... Qxh1) 25. Bd2 $2 ({Wrong is} 25. Re6 $2 Nf6 26. Qg2 Bxe6 27. dxe6 Nxg4 28. Qxg4 Qe8 $19) (25. Re3 $17) 25... Bxe1 {[%emt 0:02:15] The board is on fire.} (25... Nf6 $2 26. Nxf6 Bh3+ 27. Ke2 Bxe1 28. Rxe1 exf6 29. Rg1 $17) 26. Rxe1 {[%emt 0:00:02] [#]} Rh1+ $1 27. Kg2 {[%emt 0:00:02] [#]} Rxe1 28. Bxe1 Nf6 29. Nf2 (29. Nxf6 {was the only chance.} exf6 30. Bxg6) 29... Qe8 30. Bc3 Bf5 31. Ne4 Bxe4+ ({Avoid the trap} 31... Qh8 $2 32. Ng5 Bxd3 33. Qxd3 $19) 32. Bxe4 Qf7 33. Bf3 Rh8 34. a5 Qe8 35. Qe2 Qd7 36. Bg4 Qe8 (36... Qd8 $19 {...Rh4 is the strong threat.} 37. Qe3 Rh4) 37. Qe6 $2 (37. Bf3 $1 $11) 37... Rf8 38. Qe2 Rh8 $2 (38... Kh7 $19 {Hoping for ...Qf7.} 39. Kf1 Nxg4 40. Qxg4 Rf5) 39. Qe6 $2 (39. Bf3 $11 {and White is okay.}) 39... Qf7 40. Qe2 b6 41. Be6 Qe8 42. a6 Kf8 43. Qd3 Rh7 44. b3 Kg7 45. Qe3 b5 46. Bh3 $2 (46. cxb5 Qxb5 47. Bxf6+ exf6 48. Bg4) 46... bxc4 47. bxc4 ({Not} 47. Bxf6+ Kxf6 48. b4 Kg7 49. bxc5 dxc5 $19) 47... Kf8 48. Qe6 Rf7 49. Bd2 Qa4 {[%emt 0:01:36][%csl LRa6,LRc4] And now ...Qc2 would win.} 50. f5 g5 51. Qe2 Qxa6 52. Kf2 Qa2 53. Bg2 Qc2 54. Kg1 Qxf5 55. Be1 Qf4 {[%emt 0:02:38] White must now prevent ...Ng4.} 56. Bf3 {[%emt 0:00:36] Inhibits Ng4.} g4 57. Bg2 g3 58. Qd3 Ng4 {[%emt 0:00:45] ( -> ...Nf2)} 59. Qxg3 Qxg3 (59... Qd4+ $142 60. Kh1 Rh7+ 61. Bh3 Ne5 62. Bc3 Qe4+ 63. Kg1 Rg7 64. Bxe5 Qxe5 65. Qxg7+ Kxg7 66. Bg4 Qg3+ 67. Kf1 Qxg4 68. Kf2 Qe4 69. Kg1 Qe2 70. Kh1 Kf6 71. Kg1 Kg5 72. Kh1 Kf4 73. Kg1 Kg3 74. Kh1 Qh2#) 60. Bxg3 {[%emt 0:00:03][%mdl 4096] Endgame KRN-KB} Ne3 61. Bh3 Rf3 62. Kh2 Nf1+ {[%emt 0:00:25] Black mates.} 63. Bxf1 Rxf1 64. Kh3 Rc1 65. Bf4 Rxc4 {[%emt 0:00:06] Weighted Error Value: White=0.75/Black=0.42} 0-1